 Dungeon Crawl Stone Soup version 0.17-a0-1510-gb3fb22e (webtiles) character file.

53649 Fluffy the Champion of Chaos (level 14, -4/113 HPs)
             Began as a Demonspawn Gladiator on July 11, 2015.
             Was the Champion of Makhleb.
             Slain by a spectral orc warlord
             ... wielding a +2 battleaxe of electrocution
             ... summoned by Nergalle
              (17 damage)
             ... on level 3 of the Lair of Beasts.
             The game lasted 01:17:04 (18631 turns).

Fluffy the Champion of Chaos (DsGl)                Turns: 18631, Time: 01:17:06

Health: -4/113     AC: 21    Str: 19    XL:     14   Next: 31%
Magic:  23/23      EV:  8    Int: 10    God:    Makhleb [******]
Gold:   2466       SH: 10    Dex: 19    Spells: 0 memorised, 13 levels left

rFire  + + +     SeeInvis +     A - +7 double sword (slice)
rCold  . . .     Clarity  .     q - +2 plate armour {rF+}
rNeg   . . .     SustAt   .     O - +2 shield {rF+}
rPois  +         Gourm    .     (helmet restricted)
rElec  .         Spirit   .     W - +2 cloak {rPois}
rCorr  .         Warding  .     m - +0 pair of gloves
rMut   .         Stasis   +     (no boots)
MR     +....                    w - amulet of stasis
Stlth  ..........               T - ring of protection from fire
                                x - ring of see invisible

@: heavily drained, somewhat resistant to hostile enchantments, extremely
unstealthy
A: horns 1, thin skeletal structure 2, powered by death 1, spiny 2, spit poison
1
a: Spit Poison, Minor Destruction, Lesser Servant of Makhleb, Major Destruction,
Greater Servant of Makhleb, Renounce Religion


You were on level 3 of the Lair of Beasts.
You worshipped Makhleb.
Makhleb was exalted by your worship.
You were hungry.

You visited 4 branches of the dungeon, and saw 22 of its levels.
You also visited: Labyrinth.

You collected 2466 gold pieces.

Inventory:

Hand weapons
 A - a +7 double sword of slicing (weapon)
Missiles
 d - 3 throwing nets (quivered)
 y - 4 steel tomahawks
 U - 6 exploding tomahawks
 X - 5 javelins of returning
Armour
 l - the +0 cloak of Inueh {rPois rF- rN++ Dex+2}
   (You found it on level 11 of the Dungeon)

   It affects your dexterity (+2).
   It makes you vulnerable to fire.
   It protects you from poison.
   It greatly protects you from negative energy.
 m - a +0 pair of gloves (worn)
 q - a +2 plate armour of fire resistance (worn)
 O - a +2 shield of fire resistance (worn)
 W - a +2 cloak of poison resistance (worn)
Jewellery
 p - an uncursed ring of ice
 w - an amulet of stasis (around neck)
 x - a ring of see invisible (left hand)
 I - an uncursed ring of sustain attributes
 T - a ring of protection from fire (right hand)
Magical devices
 c - a wand of digging (9)
 o - a wand of digging (22)
 C - a wand of disintegration (8)
 F - a wand of disintegration (16)
 J - a wand of flame (24)
 K - a wand of draining (9)
 L - a wand of paralysis (11)
 M - a wand of flame (24)
 N - a wand of fire (6)
 S - a wand of paralysis (13)
 Z - a wand of confusion (18)
Scrolls
 b - a scroll of blinking
 g - 7 scrolls of enchant weapon
 i - 4 scrolls of magic mapping
 t - 6 scrolls of remove curse
 u - a scroll of fear
 z - 7 scrolls of teleportation
 D - 4 scrolls of identify
 Q - a scroll of recharging
 V - 2 scrolls of enchant armour
Potions
 a - a potion of flight
 f - 3 potions of agility
 h - a potion of invisibility
 j - 4 potions of magic
 k - 4 potions of heal wounds
 v - a potion of might
 E - a potion of haste
 H - 2 potions of curing
 P - a potion of cancellation
Miscellaneous
 G - a phial of floods
 R - a disc of storms
Comestibles
 e - 18 bread rations
 n - 16 fruits
 r - 3 slices of pizza
 s - 6 meat rations
 B - 5 beef jerkies
 Y - 13 royal jellies


   Skills:
 + Level 11.6(10.0) Fighting
 + Level 11.2(9.6) Long Blades
 - Level 1.7(0.5) Throwing
 + Level 11.0(9.4) Armour
 + Level 10.9(9.3) Dodging
 + Level 13.2(11.5) Invocations


You had 13 spell levels left.
You didn't know any spells.

Dungeon Overview and Level Annotations

Branches:
Dungeon (14/15)            Temple (1/1) D:6            Lair (3/8) D:10
  Swamp (0/4) Lair:3          Orc (4/4) D:9             Elf (0/3) Orc:3
 Vaults (0/5) D:14
  Snake: Lair:3-6    Spider: Lair:3-6

Altars:
Ashenzari
Cheibriados
Dithmenos
Elyvilon
Fedhas
Gozag
Kikubaaqudgha
Makhleb
Nemelex Xobeh
Okawaru
Qazlal
Ru
Sif Muna
Trog
Vehumet
Xom
Yredelemnul
Zin
The Shining One
Beogh

Shops:
D:9 **?!   D:10 *   D:12 (   Orc:4 [(:*(

Annotations:
Lair:3 Nergalle


Innate Abilities, Weirdness & Mutations

You have a pair of small horns on your head.
You have a moderately thin skeletal structure (Dex +4, Stealth+).
You regenerate a little health from kills.
You are mostly covered in sharp spines.
You can spit weak poison.


Message History

The spectral orc warrior barely misses you.
Press: ? - help, v - describe, . - travel
Here: Nergalle, wielding a dagger of speed and wearing a glowing robe (almost dead, standing in death's doorway)
The floor, spattered with blood.
Unknown command.
Unknown command.
You slice the spectral orc knight!!
You destroy the spectral orc knight!
Nergalle hits you but does no damage.
The spectral orc warrior hits you but does no damage.
You block the spectral orc warlord's attack.
Nergalle casts a spell at you.
Orcish apparitions take form around you.
You hit the spectral orc warlord.
The spectral orc warlord is lightly damaged.
You block the spectral orc warrior's attack.
The spectral orc warlord is struck by your spines.
The spectral orc warlord hits you but does no damage.
You are electrocuted!
You die...

**,,,,,,,,,,***.###.../.......###
**,,**,,,,,,,****#.............#.
*,,,*,,*,.,,** ##..............
**,,,,,,,..##* ####..............
*>,,,,,,....###.#............##.
*,,,,,,,.....[..†............###
********.......ZZZ...........#.#
***,......oZZZ..........†.#*
*****,,,...#.##@#.............#*
**,,,,,,,,,,#**####.............P
*,,,,,,,,,,,,* ##.............
*,,,,,,,,,,,** #....##.#P.....
******,*,,,** ##...#####....P
****,,*** #....***#..(## *,,,,*
**,,,***,#..##, **,,,***
*,,,,,,,,,,,,*, *** *,,,,,,***
**,,,,,,,,,,,,,


You could see Nergalle, a spectral orc, 4 spectral orc warriors and a spectral
orc warlord.

Vanquished Creatures
  Rupert (Orc:4)
  Maud (Orc:1)
  An orc warlord (Orc:3)
  A stone giant (D:14)
  A minotaur (Lab)
  A vault guard (D:14)
  A hydra (Lair:3)
  Fannar (Orc:1)
  Harold (Orc:3)
  Erolcha (Orc:2)
  A centaur warrior (D:14)
  An orc high priest (Orc:4)
  2 tengu warriors (D:14)
  Sonja (Lair:1)
  An unseen horror (D:14)
  6 hill giants
  Pikel (D:6)
  5 orc knights
  The ghost of cireshan the Thaumaturge, an experienced DECj of Sif Muna (D:8)
  2 cyclopes
  A manticore (D:11)
  2 orc sorcerers (Orc:4)
  A griffon (D:12)
  Maurice (Orc:1)
  Joseph (D:8)
  2 centaur zombies
  2 gargoyles
  A black mamba (Lair:2)
  4 spiny frogs
  5 komodo dragons
  A kobold demonologist (D:14)
  6 trolls
  A two-headed ogre (D:10)
  A queen bee (Lair:2)
  5 slime creatures (D:14)
  2 shadows
  Sigmund (D:3)
  A wyvern (D:13)
  A centaur simulacrum (D:14)
  14 yaks
  4 hippogriffs
  A wraith (D:11)
  A spriggan (D:7)
  5 deep elf magi
  A vampire mosquito (D:9)
  2 hungry ghosts
  12 soldier ants (D:9)
  6 wolves (Lair:3)
  2 mottled dragons (D:12)
  3 wargs
  4 porcupines
  4 water moccasins
  10 ogres
  A black bear (D:8)
  2 phantoms (D:9)
  A wasp (D:11)
  29 orc warriors
  4 ice beasts
  6 sky beasts
  2 necrophages
  15 centaurs
  6 crocodiles
  16 giant frogs
  2 big kobolds
  5 scorpions
  2 wyvern skeletons
  17 wights
  32 killer bees
  A gnoll shaman (Orc:4)
  3 crimson imps
  2 giant frog zombies
  4 centaur skeletons
  2 jellies
  30 orc priests
  7 hounds
  Crazy Yiuf (D:5)
  37 orc wizards
  Jessica (D:3)
  7 giant frog skeletons
  13 iguanas
  53 worker ants
  6 sheep (Lair:2)
  A worker ant zombie (D:11)
  10 gnolls
  16 adders
  4 shadow imps
  2 oozes
  An adder skeleton (D:5)
  A worm (D:2)
  9 giant geckos
  171 orcs
  3 ball pythons
  15 bats
  A bat skeleton (D:4)
  17 goblins
  23 hobgoblins
  9 jackals
  5 quokkas
  5 giant cockroaches
  5 giant newts
  16 kobolds
  A quokka skeleton (D:5)
  22 rats
  A fungus (Lair:3)
784 creatures vanquished.

Vanquished Creatures (collateral kills)
  A queen ant (D:9)
  A worker ant (D:9)
2 creatures vanquished.

Vanquished Creatures (others)
  A deep elf mage (D:13)
  An orc wizard (Orc:2)
  3 orcs
  A rat (D:6)
  A bush (D:14)
7 creatures vanquished.

Grand Total: 793 creatures vanquished

Notes
Turn   | Place    | Note
--------------------------------------------------------------
     0 | D:1      | Fluffy the Demonspawn Gladiator began the quest for the Orb.
     0 | D:1      | Reached XP level 1. HP: 16/16 MP: 1/1
   370 | D:1      | Gained mutation: You have a somewhat thin skeletal structure (Dex +2, Stealth). [demonic ancestry]
   370 | D:1      | Reached XP level 2. HP: 16/22 MP: 2/2
   960 | D:1      | Reached skill level 3 in Long Blades
  1041 | D:2      | Reached skill level 1 in Armour
  1041 | D:2      | Gained mutation: You are partially covered in sharp spines. [demonic ancestry]
  1041 | D:2      | Reached XP level 3. HP: 20/28 MP: 3/3
  1084 | D:2      | Gained mutation: You regenerate a little health from kills. [demonic ancestry]
  1084 | D:2      | Reached XP level 4. HP: 18/34 MP: 4/4
  1511 | D:3      | Noticed Sigmund
  1521 | D:3      | Killed Sigmund
  1521 | D:3      | Gained mutation: You have a pair of small horns on your head. [demonic ancestry]
  1521 | D:3      | Reached XP level 5. HP: 24/42 MP: 5/5
  1521 | D:3      | Reached XP level 6. HP: 27/48 MP: 6/6
  1626 | D:3      | Found a white marble altar of Elyvilon.
  1684 | D:3      | Noticed Jessica
  1700 | D:3      | Killed Jessica
  1700 | D:3      | Reached skill level 4 in Long Blades
  2159 | D:4      | Reached XP level 7. HP: 47/54 MP: 7/7
  2324 | D:4      | Found a shadowy altar of Dithmenos.
  2555 | D:5      | Entered Level 5 of the Dungeon
  2596 | D:5      | Reached skill level 5 in Long Blades
  2612 | D:5      | Identified Qigil's Guide on Captivating Creation
  2634 | D:5      | Reached skill level 5 in Fighting
  2634 | D:5      | Reached skill level 5 in Dodging
  2634 | D:5      | Reached XP level 8. HP: 56/62 MP: 8/8
  3448 | D:5      | Noticed Crazy Yiuf
  3454 | D:5      | Killed Crazy Yiuf
  3661 | D:6      | Reached skill level 5 in Armour
  3686 | D:6      | Found a staircase to the Ecumenical Temple.
  3695 | Temple   | Entered the Ecumenical Temple
  3706 | Temple   | Became a worshipper of Makhleb the Destroyer
  3795 | D:6      | Noticed Pikel
  3808 | D:6      | Killed Pikel
  3808 | D:6      | Reached skill level 6 in Fighting
  3808 | D:6      | Reached XP level 9. HP: 25/69 MP: 8/10
  3824 | D:6      | Gained mutation: You can spit weak poison. [potion of beneficial mutation]
  3872 | D:6      | Found an opulent altar of Gozag.
  4581 | D:7      | Acquired Makhleb's first power
  4769 | D:7      | Reached skill level 7 in Fighting
  5153 | D:7      | Acquired Makhleb's second power
  5194 | D:8      | Reached skill level 5 in Invocations
  5213 | D:8      | Reached XP level 10. HP: 79/79 MP: 13/13
  5324 | D:8      | Noticed Joseph
  5336 | D:8      | Killed Joseph
  5677 | D:8      | Noticed cireshan's ghost (experienced DECj)
  5718 | D:8      | Killed cireshan's ghost
  5889 | D:9      | Acquired Makhleb's third power
  5925 | D:9      | Noticed a queen ant
  5942 | D:9      | HP: 4/80 [poisoned by a queen ant]
  5948 | D:9      | Killed a queen ant
  5948 | D:9      | Reached skill level 8 in Fighting
  6205 | D:9      | Acquired Makhleb's fourth power
  6207 | D:9      | Gained mutation: You are mostly covered in sharp spines. [demonic ancestry]
  6207 | D:9      | Reached XP level 11. HP: 86/86 MP: 16/16
  6260 | D:9      | Found Kica Exo's Distillery.
  6296 | D:9      | Found Miat's Magic Scroll Emporium.
  6405 | D:9      | Noticed a cyclops
  6424 | D:9      | Killed a cyclops
  6541 | D:9      | Found Foumat's Assorted Antiques.
  6643 | D:9      | Acquired Makhleb's fifth power
  6645 | D:9      | Found an ancient bone altar of Kikubaaqudgha.
  6647 | D:9      | Found a basalt altar of Yredelemnul.
  6676 | D:9      | Found a staircase to the Orcish Mines.
  6716 | D:9      | Found a roughly hewn altar of Beogh.
  6722 | D:9      | Got a fine ring mail
  6767 | D:9      | Found a sparkling altar of Nemelex Xobeh.
  6782 | D:9      | Found Taafeve's General Store.
  7162 | D:9      | Identified the +5 ring mail "Atapecs" {rElec rPois Int+6 Stlth-} (You found it on level 9 of the Dungeon)
  7219 | D:10     | Entered Level 10 of the Dungeon
  7219 | D:10     | Found a staircase to the Lair.
  7597 | D:10     | Noticed a hill giant
  7616 | D:10     | Killed a hill giant
  7616 | D:10     | Reached skill level 9 in Fighting
  7634 | D:10     | Found Jyov's Assorted Antiques.
  8065 | D:11     | Noticed a hill giant
  8072 | D:11     | Killed a hill giant
  8624 | D:11     | Got a steaming cloak
  8635 | D:11     | Identified the +0 cloak of Inueh {rPois rF- rN++ Dex+2} (You found it on level 11 of the Dungeon)
  8713 | D:11     | Reached XP level 12. HP: 96/96 MP: 19/19
  9181 | D:12     | Got a spiked plate armour
  9192 | D:12     | Identified the cursed +1 plate armour "Efeem" {Str+3} (You found it on level 12 of the Dungeon)
  9226 | D:12     | Found Lefelou's Antique Weapon Shop.
 10527 | D:13     | Reached skill level 10 in Invocations
 10929 | D:14     | Got a smoking scale mail
 10944 | D:14     | Identified the cursed +1 scale mail "Dygguup" {Regen+} (You found it on level 14 of the Dungeon)
 11056 | D:14     | Reached skill level 10 in Fighting
 11152 | D:14     | Noticed a centaur warrior
 11166 | D:14     | Killed a centaur warrior
 11260 | D:14     | Found a blossoming altar of Fedhas.
 11316 | D:14     | Reached skill level 11 in Invocations
 11560 | D:14     | Noticed a stone giant
 11569 | D:14     | Noticed a vault guard
 11569 | D:14     | Killed a stone giant
 11576 | D:14     | Reached skill level 10 in Long Blades
 11593 | D:14     | Reached XP level 13. HP: 28/104 MP: 21/21
 11728 | D:14     | Killed a vault guard
 11898 | D:14     | Found a gate to the Vaults.
 12144 | Orc:1    | Entered Level 1 of the Orcish Mines
 12144 | Orc:1    | Noticed Maurice
 12156 | Orc:1    | Killed Maurice
 12215 | Orc:1    | Noticed Fannar
 12226 | Orc:1    | Killed Fannar
 12524 | Orc:2    | You fall through a shaft!
 13030 | Orc:3    | Found a staircase to the Elven Halls.
 13193 | Orc:2    | Noticed Harold
 13264 | Orc:3    | Killed Harold
 13264 | Orc:3    | Reached skill level 10 in Dodging
 13334 | Orc:2    | Noticed Maud
 13482 | Orc:1    | Killed Maud
 13482 | Orc:1    | Reached skill level 10 in Armour
 13519 | Orc:2    | Noticed Erolcha
 13526 | Orc:2    | Killed Erolcha
 13948 | Orc:4    | Entered Level 4 of the Orcish Mines
 13948 | Orc:4    | Noticed Rupert
 14100 | Orc:4    | Paralysed by Rupert for 5 turns
 14135 | Orc:4    | Killed Rupert
 14135 | Orc:4    | Reached skill level 12 in Invocations
 14312 | Orc:4    | Found Ceig's Weapon Shoppe.
 14464 | Orc:4    | Noticed an orc warlord
 14705 | Orc:3    | Killed an orc warlord
 14999 | Orc:4    | Found a roughly hewn altar of Beogh.
 15187 | Orc:4    | Found a radiant altar of Vehumet.
 15211 | Orc:4    | Found Nyiles's Antique Weapon Shoppe.
 15232 | Orc:4    | Found Fapuot's General Store.
 15248 | Orc:4    | Found Lozaol's Book Shoppe.
 15264 | Orc:4    | Found Riprikeg's Antique Armour Shoppe.
 15707 | Lair:1   | Entered Level 1 of the Lair of Beasts
 15805 | Lair:1   | Noticed Sonja
 15810 | Lair:1   | Killed Sonja
 15812 | Lair:1   | Gained mutation: You have a moderately thin skeletal structure (Dex +4, Stealth+). [demonic ancestry]
 15812 | Lair:1   | Reached XP level 14. HP: 113/113 MP: 23/23
 16976 | Lair:2   | Reached skill level 13 in Invocations
 17699 | Lair:3   | Found a staircase to the Swamp.
 17749 | Lair:3   | Found a labyrinth entrance.
 17767 | Lab      | Entered a labyrinth
 18603 | Lair:3   | Noticed Nergalle
 18631 | Lair:3   | Slain by a spectral orc warlord

Vault maps used:
D:1:      dpeg_arrival_ratfight
D:3:      lemuel_round_altar, first_bread, serial_bayou_pond_e, uniq_sigmund,
          uniq_jessica
D:4:      nicolae_dithmenos_shadow_blocks
D:5:      cheibrodos_gnoll_hut, uniq_crazy_yiuf_cottage
D:6:      lemuel_doored_altar, minmay_temple_entry_mist, uniq_pikel
D:7:      the_bakery, wad_mini_maze
D:8:      uniq_joseph
D:9:      wad_arrow_thing, minitemple, nemelex_xobeh_ov_fountains_minmay,
          minmay_orc_entry_temple_small, serial_shops,
          nicolae_shop_behind_doors, shop, shop,
          nicolae_shop_temple_entry_statues_fountains, zaba_anthell
D:10:     lair_0_dummy, serial_shops, shop_statue
D:12:     serial_shops, nicolae_shop_crystal
D:14:     david_vaults_5, serial_park_square1, fedhas_altar_1
Temple:   water_room_temple_a_12
Lair:1:   uniq_sonja
Lair:2:   special_room, infiniplex_staircase_pool_2, grunt_megastairs_3
Lair:3:   kennysheep_rathole, swamp_mist, lab_entry_generic, uniq_nergalle
Orc:1:    mines2_lemuel, uniq_maurice, uniq_fannar
Orc:2:    uniq_maud, uniq_erolcha, uniq_harold
Orc:3:    nicolae_orc_pool_cavern
Orc:4:    grunt_orc_cross, serial_shops, nicolae_shop_waterfront, basic_altar,
          uniq_rupert

Action                   |  1- 3 |  4- 6 |  7- 9 | 10-12 | 13-15 || total
-------------------------+-------+-------+-------+-------+-------++-------
Melee: Long sword        |   112 |    79 |     6 |       |       ||   197
       Short sword       |       |       |   199 |       |       ||   199
       Great sword       |       |       |    79 |   647 |   145 ||   871
       Double sword      |       |       |       |       |   461 ||   461
Throw: Throwing net      |       |     3 |       |       |     1 ||     4
       Tomahawk          |       |     3 |     1 |       |       ||     4
Invok: Lesser Servant of |       |       |       |     1 |       ||     1
       Greater Servant o |       |       |       |       |     1 ||     1
 Abil: Spit Poison       |       |       |     2 |     5 |     4 ||    11
Evoke: Wand              |       |       |       |       |    21 ||    21
  Use: Scroll            |       |    10 |     6 |    11 |     5 ||    32
       Potion            |       |       |     1 |     2 |     5 ||     8
 Stab: Held in net/web   |       |       |       |       |     3 ||     3
  Eat: Chunk             |     1 |     3 |    10 |    20 |    22 ||    56
       Royal jelly       |       |       |       |     1 |       ||     1
       Pizza             |       |       |       |       |     1 ||     1
